cohdb
Replays
Latest Replays
All Replays
Popular Replays
Top Player Replays
Match Explorer
How It Works
Community
CoH3 Stats
Reddit
Sign in to upload your games and track your stats! →
Sign in with Steam
Match 42667255
Unlisted
Match 42667255
Overview
Messages
Build Orders
End
Kettenkrad Recon Vehicle
Construct Infanterie Kompanie
Selects Terror Battlegroup
Grenadier Squad
Selects Machine Gun Camouflage
Grenadier Squad
MG 42 Machine Gun Team
Selects Interrogate
Construct Panzergrenadier Kompanie
Panzergrenadier Squad
Support Elements
StuG III G Assault Gun
Selects Propaganda Leaflet Drop
Panzergrenadier Officer Quarters
Panzergrenadier Squad
StuG III G Assault Gun
Pioneer Squad
WadoVice
Streamwell
0
0
Comments
sign in to comment!
No comments posted yet!